 Dungeon Sprint DCSS version 0.18-a0-1577-gf591c28 (webtiles) character file.

32357 pipel the Minotaur Blade (level 13, -13/145 HPs)
             Began as a Minotaur Berserker on Mar 19, 2016.
             Was a High Priest of Trog.
             Mangled by an earth elemental (18 damage)
             ... in the Dungeon (Sprint VII: "The Pits").
             The game lasted 00:22:53 (1259 turns).

pipel the Minotaur Blade (Minotaur Berserker)       Turns: 1259, Time: 00:22:53

Health: -13/145    AC: 21    Str: 30    XL:     13   Next: 30%
Magic:  12/12      EV: 17    Int:  4    God:    Trog [*****.]
Gold:   36         SH:  0    Dex: 10    Spells: 0 memorised, 12 levels left

rFire  . . .     SeeInvis .     a - +5 triple sword (drain)
rCold  + + .     Gourm    .     B - +4 chain mail
rNeg   + . .     Faith    .     (shield currently unavailable)
rPois  .         Spirit   .     (helmet restricted)
rElec  .         Dismiss  +     A - +0 cloak
rCorr  .         Reflect  .     (no gloves)
SustAt .         Harm     .     z - +0 pair of boots
MR     +....     NoTele   +     P - amulet "Vivoafyc" {Dismiss *Contam rC++ rN+ MR+ Slay+5}
Stlth  ..........               x - +3 ring of strength
                                v - +3 ring of evasion

@: somewhat resistant to hostile enchantments, extremely unstealthy
A: retaliatory headbutt, horns 2
a: Berserk, Trog's Hand, Brothers in Arms, Burn Spellbooks, Renounce Religion


You were in the Dungeon.
You worshipped Trog.
Trog was extremely pleased with you.
You were not hungry.

You visited 1 branch You collected 36 gold pieces.

Inventory:

Hand Weapons
 a - a +5 triple sword of draining (weapon)
 j - a +0 falchion
 r - a +2 scimitar of holy wrath
 y - a +2 falchion
 C - a +7 antimagic great sword
 D - a +3 great sword of holy wrath
 G - a +3 great sword of distortion
Missiles
 n - 4 stones (quivered)
 s - 8 tomahawks of returning
 O - 7 needles of sleeping
 T - 4 javelins of penetration
Armour
 b - a +0 animal skin
 z - a +0 pair of boots (worn)
 A - a +0 cloak (worn)
 B - a +4 chain mail (worn)
 F - a troll hide
Magical Staves
 o - an uncursed staff of energy
Jewellery
 v - a +3 ring of evasion (left hand)
 x - a +3 ring of strength (right hand)
 M - an uncursed ring of see invisible
 N - a +3 ring of evasion
 P - the amulet "Vivoafyc" (around neck) {Dismiss *Contam rC++ rN+ MR+ Slay+5}
   (You found it in the Dungeon)

   [amulet of dismissal]

   It may teleport away creatures that harm you.
   It affects your accuracy and damage with ranged weapons and melee attacks
   (+5).
   It greatly protects you from cold.
   It protects you from negative energy.
   It affects your resistance to hostile enchantments.
   It causes magical contamination when unequipped.
 Q - an uncursed ring of protection from fire
 R - an uncursed ring of poison resistance
Scrolls
 i - a scroll of blinking
 p - 3 scrolls of remove curse
 q - a scroll of summoning
 H - 3 scrolls of fear
 I - 3 scrolls of fog
 J - 2 scrolls of enchant weapon
 K - a scroll of recharging
Potions
 d - 10 potions of curing
 e - 9 potions of heal wounds
 f - 3 potions of haste
 g - 4 potions of magic
 h - 5 potions of berserk rage
 m - 2 potions of invisibility
 t - 2 potions of brilliance
 u - 3 potions of might
 w - a potion of cure mutation
 L - a potion of agility
Books
 E - a book of the Dragon

   Spells                             Type                      Level
   a - Flame Tongue                   Conjuration/Fire             1
   b - Cause Fear                     Hexes                        4
   c - Bolt of Fire                   Conjuration/Fire             6
   d - Dragon Form                    Transmutation                7
   e - Dragon's Call                  Summoning                    9
   Trog disapproves of the use of such an item.
Comestibles
 c - 8 bread rations
 k - 39 fruits
 l - 15 meat rations


   Skills:
 + Level 21.7 Fighting
 + Level 24.5 Long Blades
 + Level 5.7 Throwing
 + Level 15.6 Armour
 + Level 13.5 Dodging
 + Level 4.2 Stealth


You had 12 spell levels left.
You didn't know any spells.

Dungeon Overview and Level Annotations

Branches:
Dungeon (1/1)

Altars:

Annotations:
D Aizul


Innate Abilities, Weirdness & Mutations

You reflexively headbutt those who attack you in melee.
You have a pair of horns on your head.


Message History

You kill the vault guard!
Trog accepts your kill. Something appears at your feet! Trog grants you a gift!
The yaktaur captain hits you but does no damage.
You slash the yaktaur captain! You drain the yaktaur captain!
The yaktaur captain is moderately wounded.
The yaktaur misses you.
The yaktaur captain hits you but does no damage.
You hit the yaktaur captain but do no damage.
The yaktaur captain is moderately wounded.
The yaktaur hits you!
* * * LOW HITPOINT WARNING * * *
The yaktaur captain hits you.
* * * LOW HITPOINT WARNING * * *
You take 11 damage, and have 5/145 hp.
You hit the yaktaur captain. You headbutt the yaktaur captain.
The yaktaur captain is moderately wounded.
The earth elemental hits you!!
You die...

####''#######################
..##...).........)...........
#.##)..).......†..)....[.....
'.##).##############)(#######
#.##..# + #........# +.##..#
#.. #........# #.##..#
#...#######..#### #.##..#
......c#(..)....#. ..##..#
......c@).......... ####..#
......E#)(......#.. ####..#
###+##.####..#### # ......#
#. #### †.....# #. ####### ##
##################
#.......#........#
#.......#........#


You could see a yaktaur captain, an earth elemental and a yaktaur.

Vanquished Creatures
  A deep elf blademaster (D)
  Polyphemus (D)
  2 orc warlords (D)
  A purple draconian (D)
  A vault guard (D)
  Harold (D)
  An ice dragon (D)
  A rakshasa (D)
  A centaur warrior (D)
  3 naga warriors (D)
  A merfolk avatar (D)
  A naga sharpshooter (D)
  A spriggan (D)
  A shadow wraith (D)
  A deep troll (D)
  A hill giant (D)
  8 orc knights (D)
  3 deep elf magi (D)
  A rust devil (D)
  A smoke demon (D)
  A rime drake (D)
  A freezing wraith (D)
  A hellwing (D)
  A tormentor (D)
  A red devil (D)
  An ice devil (D)
  2 jumping spiders (D)
  A polar bear (D)
  A bog body (D)
  A snapping turtle (D)
  5 redbacks (D)
  An air elemental (D)
  A tarantella (D)
  A wyvern (D)
  A fire bat (D)
  A steam dragon (D)
  A hippogriff (D)
  A soldier ant (D)
  5 hell hounds (D)
  A water moccasin (D)
  A porcupine (D)
  An ice beast (D)
  A wasp (D)
  An ogre (D)
  A big kobold (D)
  A gnoll sergeant (D)
  5 killer bees (D)
  3 wights (D)
  2 hounds (D)
  An iguana (D)
  A worker ant (D)
  Ijyb (D)
  A hell rat (D)
  2 mummies (D)
  An adder (D)
  6 gnolls (D)
  A giant eyeball (D)
  2 oozes (D)
  A worm (D)
  5 orcs (D)
  4 ball pythons (D)
  A bat zombie (D)
  A giant cockroach (D)
  A goblin (D)
  A hobgoblin (D)
  A quokka (D)
  A kobold (D)
  A quokka skeleton (D)
  A rat (D)
111 creatures vanquished.

Vanquished Creatures (collateral kills)
  A deep elf blademaster (D)
  A daeva (D)
  A green draconian (D)
  A black draconian (D)
  A merfolk aquamancer (D)
  An ogre mage (D)
  A vampire mage (D)
  A sun demon (D)
  3 skeletal warriors (D)
  A flayed ghost (D)
  An orc knight (D)
  A cyclops (D)
  A griffon (D)
  An orange demon (D)
  A gargoyle (D)
  A yaktaur (D)
  A red devil (D)
  A jumping spider (D)
  2 two-headed ogres (D)
  A redback (D)
  An air elemental (D)
  A shadow (D)
  A spriggan (D)
  4 water elementals (D)
  A wyvern (D)
  A fire elemental (D)
  An ice beast (D)
  A wasp (D)
  2 ogres (D)
  An eye of draining (D)
  A big kobold (D)
  A wight (D)
  A crimson imp (D)
  An iron imp (D)
  A hell rat (D)
  A hobgoblin (D)
43 creatures vanquished.

Vanquished Creatures (others)
  A bone dragon (D)
  A Shadow Fiend (D)
  A deep elf master archer (D)
  A green draconian (D)
  A dire elephant (D)
  A fire dragon (D)
  A water elemental (D)
  A gnoll (D)
8 creatures vanquished.

Grand Total: 162 creatures vanquished

Notes
Turn   | Place    | Note
--------------------------------------------------------------
     0 | D        | pipel the Minotaur Berserker began the quest for the Orb.
     0 | D        | Reached XP level 1. HP: 19/19 MP: 0/0
     9 | D        | Killed a deep elf master archer
    12 | D        | Reached skill level 4 in Long Blades
    14 | D        | Killed a green draconian
    19 | D        | Killed a Shadow Fiend
    20 | D        | Killed a dire elephant
    22 | D        | Noticed a water moccasin
    23 | D        | Noticed a hell rat
    27 | D        | Killed a water moccasin
    27 | D        | Reached ** piety under Trog
    27 | D        | Reached skill level 7 in Long Blades
    27 | D        | Reached XP level 2. HP: 34/34 MP: 1/1
    27 | D        | Reached XP level 3. HP: 38/39 MP: 2/2
    27 | D        | Reached XP level 4. HP: 45/47 MP: 3/3
    84 | D        | Noticed an ice beast
    88 | D        | Killed a bone dragon
    89 | D        | Killed an ice beast
    89 | D        | Reached skill level 9 in Long Blades
    89 | D        | Reached skill level 5 in Dodging
    89 | D        | Reached XP level 5. HP: 57/57 MP: 4/4
    93 | D        | Reached skill level 5 in Armour
    94 | D        | Noticed Ijyb
   105 | D        | Killed Ijyb
   105 | D        | Reached *** piety under Trog
   120 | D        | Killed a fire dragon
   124 | D        | Noticed a bog body
   127 | D        | Killed a bog body
   127 | D        | Reached skill level 10 in Fighting
   127 | D        | Reached skill level 11 in Long Blades
   127 | D        | Reached XP level 6. HP: 36/67 MP: 5/5
   137 | D        | Reached **** piety under Trog
   151 | D        | Noticed a deep elf mage
   151 | D        | Noticed a rime drake
   186 | D        | Killed a rime drake
   186 | D        | Reached skill level 12 in Long Blades
   186 | D        | Reached XP level 7. HP: 77/77 MP: 6/6
   187 | D        | Noticed a smoke demon
   192 | D        | Killed a deep elf mage
   192 | D        | Reached ***** piety under Trog
   192 | D        | Reached skill level 13 in Long Blades
   192 | D        | Reached XP level 8. HP: 71/85 MP: 7/7
   195 | D        | Killed a smoke demon
   195 | D        | Received a gift from Trog
   327 | D        | Received a gift from Trog
   340 | D        | Reached skill level 14 in Long Blades
   342 | D        | Noticed a hill giant
   345 | D        | Killed a hill giant
   345 | D        | Reached XP level 9. HP: 95/95 MP: 8/8
   348 | D        | Received a gift from Trog
   352 | D        | Reached skill level 15 in Long Blades
   360 | D        | Reached skill level 10 in Dodging
   387 | D        | Received a gift from Trog
   391 | D        | Reached ****** piety under Trog
   391 | D        | Reached skill level 15 in Fighting
   403 | D        | Reached skill level 16 in Long Blades
   404 | D        | Noticed a jumping spider
   405 | D        | Noticed a deep elf mage
   417 | D        | Killed a deep elf mage
   417 | D        | Received a gift from Trog
   420 | D        | Reached skill level 1 in Throwing
   424 | D        | Noticed Aizul
   436 | D        | Noticed a cyclops
   438 | D        | Noticed a flayed ghost
   442 | D        | Killed a flayed ghost
   442 | D        | Reached XP level 10. HP: 17/107 MP: 9/9
   458 | D        | Noticed an orange demon
   458 | D        | Noticed a griffon
   471 | D        | Received a gift from Trog
   475 | D        | Killed an orange demon
   475 | D        | Reached skill level 17 in Long Blades
   476 | D        | Killed a griffon
   476 | D        | Reached skill level 10 in Armour
   484 | D        | Killed a cyclops
   484 | D        | Received a gift from Trog
   517 | D        | Noticed a deep troll
   536 | D        | Killed a deep troll
   552 | D        | Reached skill level 1 in Stealth
   566 | D        | Received a gift from Trog
   569 | D        | Reached skill level 18 in Long Blades
   573 | D        | Killed a shadow wraith
   702 | D        | Noticed a naga sharpshooter
   708 | D        | Killed a naga sharpshooter
   709 | D        | Received a gift from Trog
   712 | D        | Reached XP level 11. HP: 65/117 MP: 10/10
   721 | D        | Noticed Polyphemus
   726 | D        | Killed Polyphemus
   726 | D        | Reached skill level 19 in Long Blades
   727 | D        | Noticed a deep elf mage
   727 | D        | Killed a deep elf mage
   731 | D        | Noticed a naga warrior
   764 | D        | Received a gift from Trog
   843 | D        | Received a gift from Trog
   852 | D        | Noticed a centaur warrior
   854 | D        | Noticed a black draconian
   858 | D        | Killed a centaur warrior
   860 | D        | Noticed an ogre mage
   861 | D        | Killed a black draconian
   861 | D        | Reached skill level 20 in Long Blades
   866 | D        | Killed a naga warrior
   870 | D        | Killed an ogre mage
   870 | D        | Received a gift from Trog
   885 | D        | Received a gift from Trog
   899 | D        | Noticed a sun demon
   905 | D        | Killed a sun demon
   905 | D        | Received a gift from Trog
   911 | D        | Noticed a merfolk aquamancer
   916 | D        | Killed a merfolk aquamancer
   921 | D        | Reached skill level 21 in Long Blades
   980 | D        | Noticed Harold
   993 | D        | Killed Harold
   993 | D        | Received a gift from Trog
   993 | D        | Reached XP level 12. HP: 120/130 MP: 11/11
  1012 | D        | Received a gift from Trog
  1042 | D        | Received a gift from Trog
  1051 | D        | Noticed a green draconian
  1051 | D        | Noticed an ice dragon
  1051 | D        | Noticed a rakshasa
  1060 | D        | Killed an ice dragon
  1060 | D        | Reached skill level 5 in Throwing
  1063 | D        | Killed a green draconian
  1063 | D        | Reached skill level 22 in Long Blades
  1066 | D        | Received a gift from Trog
  1070 | D        | Killed a rakshasa
  1080 | D        | Got the amulet "Vivoafyc" {Dismiss *Contam rC++ rN+ MR+ Slay+5}
  1116 | D        | Noticed a merfolk avatar
  1117 | D        | Noticed an orc warlord
  1143 | D        | Killed a merfolk avatar
  1143 | D        | Received a gift from Trog
  1156 | D        | Received a gift from Trog
  1181 | D        | Noticed a daeva
  1181 | D        | Noticed a purple draconian
  1181 | D        | Noticed a deep elf blademaster
  1181 | D        | Noticed a deep elf blademaster
  1188 | D        | Killed a deep elf blademaster
  1188 | D        | Reached skill level 23 in Long Blades
  1191 | D        | Killed a deep elf blademaster
  1194 | D        | Killed a purple draconian
  1195 | D        | Killed a daeva
  1207 | D        | Noticed an orc warlord
  1213 | D        | Killed an orc warlord
  1213 | D        | Received a gift from Trog
  1213 | D        | Reached skill level 15 in Armour
  1213 | D        | Reached XP level 13. HP: 86/143 MP: 12/12
  1231 | D        | Killed an orc warlord
  1231 | D        | Reached skill level 24 in Long Blades
  1234 | D        | Noticed a vault guard
  1236 | D        | Received a gift from Trog
  1256 | D        | Killed a vault guard
  1256 | D        | Received a gift from Trog
  1258 | D        | HP: 6/145 [yaktaur[a yaktaur captain] (11)]
  1259 | D        | Mangled by an earth elemental

Vault maps used:
D:        pitsprint

Skill      XL: |  1  2  3  4  5  6  7  8  9 10 11 12 13 |
---------------+----------------------------------------+-----
Long Blades    | 7 9 11 12 13 14 16 18 21 23 24 | 24.5
Fighting       | 7 9 10 12 14 15 17 19 21 | 21.7
Armour         | 4 6 7 8 9 11 13 15 | 15.6
Dodging        | 4 5 6 7 8 9 10 11 12 13 | 13.5
Throwing       | 1 4 5 |  5.7
Stealth        | 1 2 3 4 |  4.2

Action                   |  1- 3 |  4- 6 |  7- 9 | 10-12 | 13-15 || total
-------------------------+-------+-------+-------+-------+-------++-------
Melee: Falchion          |     5 |    38 |     7 |       |       ||    50
       Scimitar          |       |       |    31 |       |       ||    31
       Great sword       |       |       |    28 |    29 |       ||    57
       Triple sword      |       |       |       |   129 |    29 ||   158
Throw: Stone             |       |     1 |     7 |     6 |       ||    14
       Tomahawk          |       |       |       |     2 |       ||     2
Invok: Berserk           |     1 |     2 |     1 |       |       ||     4
       Trog's Hand       |       |     3 |     1 |    13 |     1 ||    18
       Brothers in Arms  |       |       |     1 |    10 |       ||    11
  Use: Potion            |       |       |     1 |     2 |       ||     3
       Scroll            |       |       |       |     2 |       ||     2
 Stab: Distracted        |       |       |       |     2 |     1 ||     3
  Eat: Chunk             |       |       |     2 |       |       ||     2
       Bread ration      |       |       |     1 |     1 |       ||     2
       Fruit             |       |       |       |     1 |       ||     1
